 Dungeon Crawl Stone Soup version 0.22-a0-362-g535178c (webtiles) character file.

1240 sankara the Ruffian (level 8, -2/44 HPs)
             Began as a Vine Stalker Fighter on Apr 19, 2018.
             Was a Follower of Okawaru.
             Killed from afar by an electric eel (8 damage)
             ... with a bolt of electricity
             ... on level 6 of the Dungeon on Apr 20, 2018.
             The game lasted 00:21:58 (5683 turns).

sankara the Ruffian (Vine Stalker Fighter)          Turns: 5683, Time: 00:21:59

Health: -2/44      AC:  6    Str: 22    XL:     8   Next: 49%
Magic:  0/18       EV: 26    Int: 18    God:    Okawaru [*.....]
Gold:   367        SH:  5    Dex: 16    Spells: 7/7 levels left

rFire    . . .     SeeInvis .     - Unarmed
rCold    . . .     Gourm    .   s - +0 buckler
rNeg     . . .     Faith    .   y - +3 leather armour of the Illusory Stars {Int+6 Dex+3}
rPois    .         Spirit   +   (no helmet)
rElec    .         Reflect  .   (no cloak)
rCorr    .         Harm     .   (no gloves)
MR       +....                  (no boots)
Stlth    ++........             u - amulet of the acrobat
HPRegen  0.54/turn              g - +4 ring of intelligence
MPRegen  0.16/turn              a - ring of magical power {MP+9}

@: no status effects
A: fangs 3, regeneration 1, magic shield, antimagic bite, no potion heal 3, rot
immunity
a: Heroism, Renounce Religion


You were on level 6 of the Dungeon.
You worshipped Okawaru.
Okawaru was aware of your devotion.
You were not hungry.

You visited 2 branches of the dungeon, and saw 7 of its levels.

You collected 367 gold pieces.

Inventory:

Hand Weapons
 f - a +0 club
   (You took it off a hobgoblin on level 3 of the Dungeon)
 o - a +0 hunting sling
   (You found it on level 1 of the Dungeon)
 v - a +0 short sword
   (You took it off a kobold on level 2 of the Dungeon)
 E - a +0 blowgun
   (You found it on level 5 of the Dungeon)
Missiles
 e - 158 stones
 M - 6 silver tomahawks
 N - 6 tomahawks (quivered)
Armour
 b - a +0 shield
 j - a +1 scale mail of cold resistance
   (You found it on level 3 of the Dungeon)
 s - a +0 buckler (worn)
   (You found it on level 1 of the Dungeon)
 y - the +3 leather armour of the Illusory Stars (worn) {Int+6 Dex+3}
   (You found it on level 4 of the Dungeon)

   It affects your intelligence (+6).
   It affects your dexterity (+3).
Jewellery
 a - a ring of magical power (right hand) {MP+9}
   (You found it on level 3 of the Dungeon)
 g - a +4 ring of intelligence (left hand)
   (You found it on level 2 of the Dungeon)
 u - an amulet of the acrobat (around neck)
   (You found it on level 5 of the Dungeon)
 w - an uncursed ring of ice {rC+, rF-}
   (You found it on level 2 of the Dungeon)
 J - an uncursed ring of fire {rF+, rC-}
   (You found it on level 6 of the Dungeon)
Wands
 i - a wand of scattershot (7)
   (You found it on level 2 of the Dungeon)
Scrolls
 k - 2 scrolls of noise {unknown}
 l - 3 scrolls of identify
 m - a scroll of enchant armour {unknown}
 p - a scroll of remove curse
 q - 7 scrolls of teleportation
 z - a scroll of amnesia {unknown}
 A - a scroll of fog {unknown}
 D - a scroll of enchant weapon {unknown}
 F - a scroll of brand weapon {unknown}
 G - a scroll of magic mapping {unknown}
 L - a scroll of torment {unknown}
Potions
 c - a potion of might
 h - 2 potions of curing {unknown}
 n - a potion of agility {unknown}
 r - a potion of heal wounds {unknown}
 t - a potion of magic
 x - a potion of berserk rage {unknown}
 B - a potion of degeneration {unknown}
 C - a potion of brilliance {unknown}
 H - a potion of ambrosia {unknown}
 I - a potion of cancellation {unknown}
Comestibles
 d - 12 rations
 K - 3 chunks of flesh {@w0}


   Skills:
 + Level 5.5 Fighting
 + Level 4.4 Throwing
 - Level 2.4 Armour
 + Level 2.1 Stealth
 - Level 4.1 Shields
 + Level 5.6 Unarmed Combat


You had 7 spell levels left.
You didn't know any spells.

Dungeon Overview and Level Annotations

Branches:
Dungeon (6/15)             Temple (1/1) D:5

Altars:
Ashenzari
Cheibriados
Dithmenos
Elyvilon
Fedhas
Gozag
Hepliaklqana
Nemelex Xobeh
Okawaru
Sif Muna
Trog
Uskayaw
Vehumet
Wu Jian
Xom
Yredelemnul
Zin
The Shining One
Lugonu

Shops:
D:6 (

Annotations:
D:5 RoseArtemis's ghost, novice MiFi


Innate Abilities, Weirdness & Mutations

You have razor-sharp teeth.
Your natural rate of healing is unusually fast.
When hurt, damage is shared between your health and your magic reserves.
Your bite disrupts and absorbs the magic of your enemies.
Potions cannot restore your health.
You are immune to rotting.


Message History

The leopard gecko bites you but does no damage.
The orc hits you with a flail.
You barely miss the orc. You bite the orc. You drain its power.
You feel invigorated.
The orc is lightly wounded.
The leopard gecko splashes around in the water.
The orc hits you with a flail!
You closely miss the orc. You bite the orc. You drain its power.
You feel invigorated.
The orc is moderately wounded.
The leopard gecko misses you.
You barely miss the orc. Your bite misses the orc.
The orc is moderately wounded.
The leopard gecko completely misses you.
The orc barely misses you.
You punch the orc!
You kill the orc!
Okawaru accepts your kill.
The leopard gecko splashes around in the water.
You hit the leopard gecko. Your bite misses the leopard gecko.
The leopard gecko is severely wounded.
The leopard gecko closely misses you.
You punch the leopard gecko!
You kill the leopard gecko!
Okawaru accepts your kill.
Things that are here:
a flail; a ring mail There isn't anything to butcher here.
You enter the shallow water.
Moving in this stuff is going to be slow.
You see here a leopard gecko corpse.
You butcher the leopard gecko corpse.
K - 4 chunks of flesh {@w0} (gained 2)
An electric eel comes into view.
The electric eel moves out of view.
The electric eel shoots out a bolt of lightning at you!
The bolt of electricity misses you.
An electric eel is nearby!
The electric eel shoots out a bolt of lightning at you!
The bolt of electricity hits you!
The bolt of electricity hits the plant.
The plant appears unharmed.
The electric eel shoots out a bolt of lightning at you!
The bolt of electricity misses you.
The bolt of electricity hits the plant.
The electric eel shoots out a bolt of lightning at you!
The bolt of electricity misses you.
The bolt of electricity hits the plant.
You hit the electric eel but do no damage.
You punch the electric eel!
You kill the electric eel!
Okawaru accepts your kill.
Your Stealth skill increases to level 2!
You enter the shallow water.
Moving in this stuff is going to be slow.
You open the door.
There is an open door here.
You see here 14 poisoned needles.
A quokka comes into view.
Unknown command.
A quokka is nearby!
The quokka completely misses you.
You closely miss the quokka. You bite the quokka, but do no damage.
The quokka bites you but does no damage.
You block the quokka's attack.
You closely miss the quokka. You bite the quokka. You drain its power.
The quokka is heavily wounded.
You block the quokka's attack.
You barely miss the quokka.
You kill the quokka!
Okawaru accepts your kill.
No target in view!
There is a stone staircase leading up here.
You enter the shallow water.
Moving in this stuff is going to be slow.
An electric eel comes into view.
You enter the shallow water.
Moving in this stuff is going to be slow.
The electric eel shoots out a bolt of lightning at you!
The bolt of electricity hits the plant.
The bolt of electricity hits you!
You hit the plant. You bite the plant. You drain its power.
The plant is lightly damaged.
The electric eel shoots out a bolt of lightning at you!
The bolt of electricity hits the plant.
The bolt of electricity hits you!
Some of the chunks of flesh in your inventory have rotted away.
The electric eel shoots out a bolt of lightning at you!
The bolt of electricity hits the plant. x2; The bolt of electricity hits you! x2
You enter the shallow water.
Moving in this stuff is going to be slow.
The electric eel shoots out a bolt of lightning at you!
The bolt of electricity hits the plant.
The bolt of electricity misses you.
The electric eel shoots out a bolt of lightning at you!
The bolt of electricity hits the plant.
The bolt of electricity hits you!
* * * LOW HITPOINT WARNING * * *
The electric eel shoots out a bolt of lightning at you!
The bolt of electricity hits the plant.
The bolt of electricity hits you!
* * * LOW HITPOINT WARNING * * *
The electric eel shoots out a bolt of lightning at you!
The bolt of electricity hits you!
* * * LOW HITPOINT WARNING * * *
The electric eel shoots out a bolt of lightning at you!
The bolt of electricity hits you!
You die...

####### #.....## ######### ###
#####.♣♣≈≈.### #.......#
#.###.....≈PP≈≈..#
#.#.###.####.#....###..≈≈.♣..#
#...........###...###.#####..#
#.#.###.####.#.....##.# #...#
#.#.# #.# ##.#.@.##..# ##.#.#
..#.###.# ####.###.## #..#.####
#>......# #.# . ##.#......
.##...##########.# #..#..####
.##.#...........+## ##.##..####
.#...#PP.PPP≈P≈...# #..##....##
......≈≈≈♣P≈PPP≈P...# #.###.##.##
......PP≈≈≈≈≈♣;≈PPPP###.##.......
.......≈PPP≈≈♣≈≈≈PPP≈#..#...##.##


You could see an electric eel.

Vanquished Creatures
  Sigmund (D:4)
  The ghost of Nib the Ducker, an amateur OpFi (D:3)
  An ogre (D:3)
  A phantom (D:4)
  2 sky beasts
  A bullfrog (D:6)
  A scorpion (D:5)
  2 electric eels (D:6)
  A crimson imp (D:6)
  An orc priest (D:3)
  2 hounds (D:5)
  A centaur skeleton (D:6)
  2 worker ants
  A statue (D:4)
  3 gnolls (D:2)
  8 adders
  2 shadow imps
  2 oozes
  An adder skeleton (D:5)
  3 worms
  3 dart slugs
  6 leopard geckos
  8 orcs
  2 ball pythons
  A giant cockroach (D:2)
  4 goblins
  7 hobgoblins
  9 jackals
  4 quokkas
  4 bats
  2 frilled lizards
  5 kobolds
  A leopard gecko skeleton (D:4)
  4 rats
97 creatures vanquished.

Vanquished Creatures (others)
  An adder (D:3)
  A bat (D:2)
2 creatures vanquished.

Grand Total: 99 creatures vanquished

Notes
Turn   | Place    | Note
-------+----------+-------------------------------------------
     0 | D:1      | sankara the Vine Stalker Fighter began the quest for the Orb.
     0 | D:1      | Reached XP level 1. HP: 11/11 MP: 2/2
   275 | D:1      | Reached XP level 2. HP: 13/16 MP: 3/3
   400 | D:1      | Reached skill level 3 in Fighting
   857 | D:2      | Found a white marble altar of Elyvilon.
  1235 | D:2      | Reached XP level 3. HP: 16/20 MP: 4/4
  1298 | D:2      | Found a deep blue altar of Sif Muna.
  1378 | D:2      | Found a glowing silver altar of Zin.
  1380 | D:2      | Found an iron altar of Okawaru.
  1937 | D:2      | Reached skill level 3 in Shields
  1980 | D:2      | Reached skill level 1 in Throwing
  1980 | D:2      | Gained mutation: Your natural rate of healing is unusually fast. [Vine Stalker growth]
  1980 | D:2      | Reached XP level 4. HP: 23/24 MP: 5/5
  2306 | D:3      | Reached skill level 3 in Unarmed Combat
  2453 | D:3      | Noticed Nib's ghost (amateur OpFi)
  2486 | D:3      | Killed Nib's ghost
  2486 | D:3      | Reached skill level 2 in Throwing
  2486 | D:3      | Reached XP level 5. HP: 21/29 MP: 6/6
  2676 | D:3      | Reached XP level 6. HP: 33/33 MP: 7/7
  2854 | D:3      | Found a hide-covered altar of Uskayaw.
  2855 | D:3      | Noticed an enchanted dagger
  2855 | D:3      | Noticed a dagger
  3016 | D:3      | Reached skill level 4 in Fighting
  3227 | D:4      | Noticed Sigmund
  3293 | D:4      | Killed Sigmund
  3293 | D:4      | Reached skill level 4 in Shields
  3293 | D:4      | Reached skill level 4 in Unarmed Combat
  3293 | D:4      | Reached XP level 7. HP: 38/38 MP: 8/8
  3329 | D:4      | Got a bloodstained leather armour
  3342 | D:4      | Identified the +3 leather armour of the Illusory Stars {Int+6 Dex+3} (You found it on level 4 of the Dungeon)
  3378 | D:4      | Found a radiant altar of Vehumet.
  3476 | D:4      | Found a snail-covered altar of Cheibriados.
  3644 | D:4      | Reached skill level 3 in Throwing
  3734 | D:2      | Became a worshipper of Warmaster Okawaru
  3787 | D:5      | Entered Level 5 of the Dungeon
  3989 | D:5      | Noticed RoseArtemis's ghost (novice MiFi)
  4106 | D:5      | Reached skill level 5 in Fighting
  4202 | D:5      | Found a basalt altar of Yredelemnul.
  4237 | D:5      | Reached skill level 5 in Unarmed Combat
  4237 | D:5      | Gained mutation: You have razor-sharp teeth. [Vine Stalker growth]
  4237 | D:5      | Reached XP level 8. HP: 42/43 MP: 9/9
  4285 | D:5      | Found a staircase to the Ecumenical Temple.
  4295 | Temple   | Entered the Ecumenical Temple
  4443 | D:5      | Reached * piety under Okawaru
  4744 | D:5      | Found a sparkling altar of Nemelex Xobeh.
  4801 | D:6      | Reached skill level 4 in Throwing
  5126 | D:6      | Reached skill level 1 in Stealth
  5460 | D:6      | Found Tikuk's Antique Weapon Shop.
  5566 | D:6      | Reached skill level 2 in Stealth
  5681 | D:6      | HP: 8/44 [electric eel/bolt of electricity (6)]
  5683 | D:6      | Killed from afar by an electric eel

Vault maps used:
D:1:      dpeg_arrival_court
D:2:      nicolae_overflow_hidden_temple, elyvilon_altar_4
D:3:      dancing_weapons_uskayaw, lemuel_flame_loot_1
D:4:      vehumet_statue, kennysheep_slug_shrine, first_ration, uniq_sigmund
D:5:      old_standard_altar, kennysheep_little_box, temple_hall
D:6:      serial_bayou, serial_bayou_lagoon_b, serial_bayou_lagoon_a,
          serial_bayou_pond_e, serial_bayou_pond_e, serial_bayou_pond_d,
          serial_shops, kennysheep_mini_moat
Temple:   corrupted_temple

Skill      XL: |  1  2  3  4  5  6  7  8 |
---------------+-------------------------+-----
Fighting       | 3 4 5 |  5.5
Shields        | 3 4 |  4.1
Throwing       | 1 2 3 4 |  4.4
Unarmed Combat | 3 4 5 |  5.6
Stealth        | 2 |  2.1
Armour         | |  2.4

Action                   |  1- 3 |  4- 6 |  7- 9 || total
-------------------------+-------+-------+-------++-------
Melee: Unarmed           |    95 |   148 |   193 ||   436
       Bite              |    29 |    48 |    70 ||   147
Throw: Stone             |    15 |    15 |    70 ||   100
       Tomahawk          |       |       |    12 ||    12
  Use: Scroll            |       |       |     4 ||     4
 Stab: Sleeping          |       |       |     1 ||     1
  Eat: Chunk             |     3 |     4 |     8 ||    15
Armor: Scale mail        |    37 |    35 |     1 ||    73
       Leather armour    |       |       |    37 ||    37
Dodge: Dodged            |    30 |    41 |   105 ||   176
Block: Shield            |    19 |       |       ||    19
       Buckler           |     5 |    19 |    36 ||    60

Table legend:
 A = Spawn XP
 B = Non-spawn XP
 C = Spawn XP percentage of total XP
 D = Spawn monster count
 E = Non-spawn monster count
 F = Spawn count percentage of total count
 G = Total turns spent on level
                    A         B        C        D         E        F      G
               +---------+---------+-------+---------+---------+-------+---------
         Total |       0 |    1772 |   0.0 |       0 |      97 |   0.0 |  5683
               +---------+---------+-------+---------+---------+-------+---------
           D:1 |       0 |      22 |   0.0 |       0 |      11 |   0.0 |   893
           D:2 |       0 |      68 |   0.0 |       0 |      12 |   0.0 |  1188
           D:3 |       0 |     433 |   0.0 |       0 |      33 |   0.0 |  1293
           D:4 |       0 |     373 |   0.0 |       0 |       8 |   0.0 |   516
           D:5 |       0 |     360 |   0.0 |       0 |      16 |   0.0 |   940
           D:6 |       0 |     516 |   0.0 |       0 |      17 |   0.0 |   803
               +---------+---------+-------+---------+---------+-------+---------

Vault maps used:
D:1:      dpeg_arrival_court
D:2:      nicolae_overflow_hidden_temple, elyvilon_altar_4
D:3:      dancing_weapons_uskayaw, lemuel_flame_loot_1
D:4:      vehumet_statue, kennysheep_slug_shrine, first_ration, uniq_sigmund
D:5:      old_standard_altar, kennysheep_little_box, temple_hall
D:6:      serial_bayou, serial_bayou_lagoon_b, serial_bayou_lagoon_a,
          serial_bayou_pond_e, serial_bayou_pond_e, serial_bayou_pond_d,
          serial_shops, kennysheep_mini_moat
Temple:   corrupted_temple

Table legend:
 A = Turns spent in this place as a percentage of turns spent in the entire game.
 B = Non-inter-level travel turns spent in this place as a percentage of non-inter-level travel turns spent in the entire game.
 C = Inter-level travel turns spent in this place as a percentage of turns spent in this place.
 D = Turns resting spent in this place as a percentage of non-inter-level travel turns spent in this place.
 E = Turns spent auto-exploring this place as a percentage of non-inter-level travel turns spent in this place.
 F = Non-inter-level travel turns spent in this place divided by the number of levels of this place that you've seen.
                   A       B       C       D       E      F
               +-------+-------+-------+-------+-------+----------------------
         Total | 100.0 | 100.0 |   7.4 |   6.4 |  65.7 | 752.0
       Dungeon |  99.1 |  99.3 |   7.2 |   6.5 |  65.5 | 871.3
        Temple |   0.9 |   0.7 |  28.0 |   0.0 |  94.4 |  36.0
               +-------+-------+-------+-------+-------+----------------------

Table legend:
 A = Kills in this place as a percentage of kills in entire the game.
 B = Kills by you in this place as a percentage of kills by you in the entire game.
 C = Kills by friends in this place as a percentage of kills by friends in the entire game.
 D = Other kills in this place as a percentage of other kills in the entire game.
 E = Experience gained in this place as a percentage of experience gained in the entire game.
 F = Experience gained in this place divided by the number of levels of this place that you have seen.
                   A       B       C       D       E      F
               +-------+-------+-------+-------+-------+----------------------
         Total | 100.0 | 100.0 |   N/A |   N/A | 100.0 | 253.1
       Dungeon | 100.0 | 100.0 |   N/A |   N/A | 100.0 | 295.3
               +-------+-------+-------+-------+-------+----------------------
